AoeStats
← Electriuz

Socotra

505936291Analyzed
3v3 RM · 21d ago on Sep 11, 2026· 48m 6s· 6 players
Game mode
Random Map
Map size
128×128
Population
200
Speed
Normal
Resources
Standard
Victory
Conquest
Starting age
Dark Age
Ending age
Imperial Age
RankedLock teamsTeams togetherTeam positionsShared explorationLock speedFull tech treeHidden civsTurbo modeCheats
Victory
Defeat
🇩🇰 Bohemians · Denmark
701
+11
🇩🇪 Bohemians · Germany
688
+11
🇧🇪 Italians · Belgium
673
+13
🇦🇷 Gurjaras · Argentina
590
-12
🇨🇱 Burgundians · Chile
587
-12
🇨🇱 Shu · Chile
583
-11
Electriuz
2:14 Loom
15:15 Feudal Age
16:04 Double-Bit Axe
16:03 Horse Collar
20:53 Scale Mail Armor
24:16 Castle Age
25:52 Chain Mail Armor
25:48 Forging
26:12 Bow Saw
26:03 Heavy Plow
28:15 Husbandry
28:53 Gold Mining
28:53 Stone Mining
30:35 Bloodlines
29:45 Light Cavalry
31:03 Scale Barding Armor
30:43 Treadmill Crane
31:34 Light Cavalry
34:22 Chain Barding Armor
34:40 Iron Casting
41:00 Imperial Age
38:29 Arson
39:07 Ballistics
41:11 Wheelbarrow
41:07 Hussar
44:01 Gold Shaft Mining
44:01 Stone Shaft Mining
44:53 Chemistry
46:10 Fletching
46:21 Padded Archer Armor
Vicho
0:28 Loom
11:58 Feudal Age
12:00 Man-at-Arms
26:29 Castle Age
28:53 Gold Mining
28:53 Stone Mining
33:07 Double-Bit Axe
39:15 Imperial Age
43:18 Heavy Hei Guang Cavalry
43:58 Husbandry
Whalter
0:37 Loom
11:46 Horse Collar
11:53 Double-Bit Axe
12:02 Gold Mining
16:12 Feudal Age
15:24 Stone Mining
26:43 Castle Age
25:59 Heavy Plow
26:13 Bow Saw
33:33 Imperial Age
33:28 Wheelbarrow
33:27 Scale Barding Armor
38:16 Cavalier
38:57 Husbandry
44:03 Pikeman
Giibier
7:27 Loom
11:47 Feudal Age
14:00 Double-Bit Axe
14:50 Stone Mining
14:48 Horse Collar
21:02 Castle Age
20:21 Fletching
20:54 Gold Mining
21:31 Crossbowman
23:08 Pikeman
23:49 Squires
24:14 Bow Saw
25:32 Bodkin Arrow
25:39 Padded Archer Armor
27:14 Thumb Ring
29:21 Caravan
30:31 Heavy Plow
32:03 Wheelbarrow
33:16 Ballistics
33:16 Heated Shot
38:02 Leather Archer Armor
37:40 Arson
38:33 Stone Shaft Mining
43:04 Imperial Age
42:45 Scale Mail Armor
42:56 Forging
43:20 Elite Genoese Crossbowman
44:04 Bracer
44:49 Ring Archer Armor
45:05 Arbalester
Ralle1900
8:35 Loom
12:25 Feudal Age
13:37 Double-Bit Axe
15:01 Fletching
16:13 Horse Collar
20:08 Wheelbarrow
22:27 Castle Age
25:01 Pikeman
28:13 Hand Cart
28:29 Redemption
29:14 Caravan
33:40 Imperial Age
33:58 Chemistry
33:19 Ballistics
33:39 Bow Saw
34:05 Houfnice
36:59 Two-Man Saw
36:55 Guilds
37:46 Wagenburg Tactics
37:48 Hussite Reforms
38:16 Elite Hussite Wagon
38:36 Halberdier
39:17 Squires
Andrew2405
17:32 Feudal Age
18:37 Town Watch
19:50 Wheelbarrow
20:28 Double-Bit Axe
25:05 Castle Age
26:50 Hand Cart
29:28 Town Patrol
30:09 Bow Saw
37:19 Imperial Age
35:22 Caravan
36:57 Chemistry
39:53 Conscription
40:13 Houfnice
41:58 Coinage
45:10 Two-Man Saw
46:36 Banking
46:17 Guilds
Connection lost

Rejoining the realm…

Still unreachable

The connection could not be restored.

Session expired

The server has moved on; the page needs a fresh start.